 Seeded DCSS version 0.28-a0-998-gb9e9c7b67e (webtiles) character file.

Game seed: 3527403583651477610 (custom seed)

60 croobank the Digger (level 4, -7/27 HPs)
             Began as an Octopode Earth Elementalist on Dec 5, 2021.
             Mangled by a gnoll (12 damage)
             ... on level 2 of the Dungeon.
             The game lasted 00:11:02 (3749 turns).

croobank the Digger (Octopode Earth Elementalist)   Turns: 3749, Time: 00:11:04

Health: -7/27      AC:  1    Str:  9    XL:     4   Next: 4%
Magic:  3/7        EV: 13    Int: 17    God:
Gold:   105        SH:  0    Dex: 12    Spells: 6/7 levels left

rFire   . . .      SeeInvis .   c - +2 dagger (venom)
rCold   . . .      Faith    .   (no shield)
rNeg    . . .      Spirit   .   (helmet restricted)
rPois   .          Reflect  .   (no amulet)
rElec   .          Harm     .   (no ring)
rCorr   .          Rampage  .   (no ring)
Will    .....                   (no ring)
Stlth   +++.......              (no ring)
HPRegen 0.09/turn               (no ring)
MPRegen 0.10/turn               (no ring)
                                (no ring)
                                (no ring)

@: no status effects
A: almost no armour, amphibious, 8 rings, camouflage 1, gelatinous body 1,
(nimble swimmer 1), tentacles
a: no special abilities


You were on level 2 of the Dungeon.
You visited 1 branch of the dungeon, and saw 3 of its levels.

You collected 105 gold pieces.

Inventory:

Hand Weapons
 c - a +2 dagger of venom (weapon)
Missiles
 a - 9 javelins
 b - 16 stones
Magical Staves
 d - a staff of conjuration
Potions
 e - a potion of might


   Skills:
 - Level 0.5 Fighting
 - Level 2.5 Dodging
 - Level 3.1 Stealth
 - Level 0.4 Unarmed Combat
 + Level 2.4 Spellcasting
 + Level 0.5 Conjurations
 + Level 1.2 Transmutations
 - Level 3.5 Earth Magic


You had 6 spell levels left.
You knew the following spells:

 Your Spells              Type           Power      Damage    Failure   Level
a - Sandblast             Erth           28%        2d8       4%          1

Your spell library contained the following spells:

 Spells                   Type           Power      Damage    Failure   Level
 Passwall                 Tmut/Erth      8%         N/A       11%         2
 Stone Arrow              Conj/Erth      16%        3d8       24%         3
 Petrify                  Tmut/Erth      10%        N/A       56%         4


Dungeon Overview and Level Annotations

Branches:
Dungeon (3/15)

Altars:
Dithmenos

Shops:
D:1 *


Innate Abilities, Weirdness & Mutations

You cannot wear most types of armour.
You are amphibious.
You can wear up to eight rings at the same time.
Your skin changes colour to match your surroundings (Stealth+).
Your rubbery body absorbs attacks. (AC +1, EV +1)
((You are camouflaged near water. (Stealth+)))
You have tentacles for arms and can constrict up to eight enemies at once.


Message History

The gnoll hits you from afar with a +0 halberd!
The gnoll misses you. x2
There is a stone staircase leading up here.
The gnoll closely misses you. The gnoll hits you with a +0 flail.
The gnoll misses you.
You climb upwards.
There is a stone staircase leading down here.
Aiming: Sandblast (safe; 4% risk of failure)
Press: ? - help, Q - select action, (/) - cycle Shift-Dir - straight line, f - gnoll
Aim: a gnoll, wielding a +0 flail (82% to hit)
The blast of sand hits the gnoll!
The gnoll is severely wounded.
The gnoll completely misses you.
Aiming: Sandblast (safe; 4% risk of failure)
Press: ? - help, Q - select action, (/) - cycle Shift-Dir - straight line, f/p - gnoll
Aim: a gnoll, wielding a +0 flail (severely wounded, 82% to hit)
The blast of sand hits the gnoll.
The gnoll is almost dead.
The gnoll hits you with a +0 flail!
* * * LOW HITPOINT WARNING * * *
Aiming: Sandblast (safe; 4% risk of failure)
Press: ? - help, Q - select action, (/) - cycle Shift-Dir - straight line, f/p - gnoll
Aim: a gnoll, wielding a +0 flail (almost dead, 82% to hit)
You miscast Sandblast.
You are very lightly contaminated with residual magic.
Nothing appears to happen.
The gnoll closely misses you.
Your magical contamination has completely faded away.
You see here a +0 falchion.
Aiming: Sandblast (safe; 4% risk of failure)
Press: ? - help, Q - select action, (/) - cycle Shift-Dir - straight line, f/p - gnoll
Aim: a gnoll, wielding a +0 flail (almost dead, 82% to hit)
The blast of sand misses the gnoll.
The gnoll barely misses you.
Aiming: Sandblast (safe; 4% risk of failure)
Press: ? - help, Q - select action, (/) - cycle Shift-Dir - straight line, f/p - gnoll
Aim: a gnoll, wielding a +0 flail (almost dead, 82% to hit)
The blast of sand misses the gnoll.
The gnoll hits you with a +0 flail!
You die...

#######........................
#..............................
####.###.#.....................
#...#.###...................
###.#.# ###.#...............
#.#.# #.#............... #.#.#
#)#...........<... #.#.#
#g#.##............ #.#.#
###@#'##.........#.# #.#.#
#......#.....^...... #.#.#
#.##...##.......####
#.#.###'##...####'###.#...
#.#......#........###.#.##
#.........#+#.....'...#.#.
###.........+.....###.#.##
##........#.....# #.#...
#........#.....# #.#.##


You could see a gnoll.

Vanquished Creatures
  A gnoll (D:2)
  A worm (D:2)
  2 dart slugs (D:1)
  3 endoplasms
  3 giant cockroaches
  5 goblins
  5 hobgoblins
  3 jackals (D:1)
  3 kobolds
  3 quokkas (D:1)
  2 ball pythons (D:2)
  4 bats
  A frilled lizard (D:1)
  3 rats (D:1)
39 creatures vanquished.

Notes
Turn   | Place    | Note
-------+----------+-------------------------------------------
     0 | D:1      | croobank the Octopode Earth Elementalist began the quest
                  | for the Orb.
     0 | D:1      | Reached XP level 1. HP: 11/11 MP: 3/3
   322 | D:1      | Reached XP level 2. HP: 5/17 MP: 0/5
   976 | D:1      | Found Eheaneh's General Store.
  1099 | D:1      | Reached XP level 3. HP: 22/22 MP: 6/6
  2093 | D:2      | Found a shadowy altar of Dithmenos.
  3352 | D:2      | HP: 1/22 [gnoll (3)]
  3354 | D:2      | Reached XP level 4. HP: 2/27 MP: 3/7
  3749 | D:2      | Mangled by a gnoll

Illustrated notes

Levels and vault maps discovered:
D:1:      dpeg_arrival_chambers_temple_mockup, layout_loops_ring, serial_shops,
          shop_fountains
D:2:      mumra_celtic_spiral_tile, layout_basic, basic_altar
D:3:      layout_basic, hellmonk_ecumenical_altar_crossroads,
          gammafunk_ghost_split, uniq_terence, uniq_natasha, uniq_grinder

Skill      XL: |  1  2  3 |
---------------+----------+-----
Stealth        | 3 |  3.1
Fighting       | |  0.5
Dodging        | |  2.5
Unarmed Combat | |  0.4
Spellcasting   | |  2.4
Conjurations   | |  0.5
Transmutations | |  1.2
Earth Magic    | |  3.5

Action                   |  1- 3 |  4- 6 || total
-------------------------+-------+-------++-------
Melee: Unarmed           |    91 |       ||    91
       Constrict         |    22 |       ||    22
       Tentacles         |    21 |       ||    21
       Dagger            |    13 |       ||    13
 Cast: Sandblast         |    14 |     4 ||    18
  Use: Scroll            |     4 |       ||     4
 Stab: Sleeping          |     8 |       ||     8
Armor: Skin              |    10 |       ||    10
Dodge: Dodged            |    71 |     8 ||    79

Table legend: (Time is in decaauts)
 A = Elapsed time spent in this place.
 B = Non-inter-level travel time spent in this place.
 C = Inter-level travel time spent in this place.
 D = Time resting spent in this place.
 E = Time spent auto-exploring this place.
 F = Levels seen in this place.
 G = Mean time per level.
                   A        B        C        D        E       F      G
               +--------+--------+--------+--------+--------+-----+--------+
         Total |   3751 |   3676 |     75 |   1218 |   1976 |   3 | 1250.3 |
       Dungeon |   3751 |   3676 |     75 |   1218 |   1976 |   3 | 1250.3 |
               +--------+--------+--------+--------+--------+-----+--------+

Top non-repeatable levels by time:
     D:1: 1953 daAuts
     D:2: 1791 daAuts
     D:3: 6 daAuts
